NYP
STATEN ISLAND YANKEES @ VERMONT LAKE MONSTERS
04/12/2048
 
TOP OF THE 1ST
Staten Island Yankees batting - Pitching for Vermont Lake Monsters : RHP Jesse Clark
Pitching: RHP Jesse Clark
Batting: RHB Norimoto Miyanishi 0-0: Swinging Strike
0-1: Called Strike
0-2: Foul Ball, location: 2F
0-2: Strikes out swinging
Batting: LHB Dario Segura 0-0: Foul Ball, location: 2F
0-1: Ball
1-1: Foul Ball, location: 2F
1-2: Ball
2-2: Strikes out swinging
Batting: RHB Pat Pemberton 0-0: Called Strike
0-1: Swinging Strike
0-2: Ball
1-2: Strikes out swinging
Top of the 1st over - 0 runs, 0 hits, 0 errors, 0 left on base; Staten Island 0 - Vermont 0
BOTTOM OF THE 1ST
Vermont Lake Monsters batting - Pitching for Staten Island Yankees : LHP Dustin Shaw
Pitching: LHP Dustin Shaw
Batting: RHB Josh Mauer 0-0: Ball
1-0: Called Strike
1-1: DOUBLE (Flyball, 8LXD, EV 100.6 MPH)
Batting: RHB Chris Temple 0-0: Ball
1-0: Called Strike
1-1: Ball
2-1: Ground out 1-3 (Groundball, 13S, EV 74.4 MPH)
Josh Mauer to third
Batting: RHB Tetsuya Shinoda 0-0: Ball
1-0: SINGLE (Groundball, 34D, EV 95.0 MPH)
Josh Mauer scores
Batting: RHB Jamie Jennings 0-0: Called Strike
0-1: Called Strike
0-2: Strikes out swinging
Batting: RHB Chris Prinzing 0-0: Called Strike
0-1: Fielders Choice at 2nd, 6-4 (Groundball, 6, EV 85.6 MPH)
Bottom of the 1st over - 1 run, 2 hits, 0 errors, 1 left on base; Staten Island 0 - Vermont 1
TOP OF THE 2ND
Staten Island Yankees batting - Pitching for Vermont Lake Monsters : RHP Jesse Clark
Batting: SHB Tadaaki Kondo 0-0: Called Strike
0-1: Called Strike
0-2: Ground out 6-3 (Groundball, 4M, EV 105.0 MPH)
Batting: LHB Mike Schermerhorn 0-0: Foul Ball, location: 2F
0-1: Ball
1-1: Foul Ball, location: 2F
1-2: Ball
2-2: Ball
3-2: Foul Ball, location: 2F
3-2: SINGLE (Line Drive, 34, EV 105.6 MPH)
Batting: RHB Jesus Ruiz 0-0: Called Strike
0-1: Called Strike
0-2: Strikes out swinging
Batting: RHB Daniel Underhay 0-0: Ball
1-0: Foul Ball, location: 2F
1-1: Called Strike
1-2: Ground out 1-3 (Groundball, 13S, EV 70.6 MPH)
Top of the 2nd over - 0 runs, 1 hit, 0 errors, 1 left on base; Staten Island 0 - Vermont 1
BOTTOM OF THE 2ND
Vermont Lake Monsters batting - Pitching for Staten Island Yankees : LHP Dustin Shaw
Batting: RHB Jon Coleman 0-0: Ball
1-0: Called Strike
1-1: Ball
2-1: Ground out 4-3 (Groundball, 4, EV 90.0 MPH)
Batting: SHB Mike Kirk 0-0: Ball
1-0: Swinging Strike
1-1: Called Strike
1-2: Ball
2-2: Ball
3-2: Base on Balls
Batting: LHB Igor Ciobanu 0-0: Ball
Pickoff Throw to First - Out! 1-3
1-0: Foul Ball, location: 2F
1-1: Ground out 6-3 (Groundball, 6, EV 82.5 MPH)
Bottom of the 2nd over - 0 runs, 0 hits, 0 errors, 0 left on base; Staten Island 0 - Vermont 1
TOP OF THE 3RD
Staten Island Yankees batting - Pitching for Vermont Lake Monsters : RHP Jesse Clark
Batting: RHB Danny Ayala 0-0: Hit by Pitch
Batting: LHB Danny de Leon 0-0: Called Strike
0-1: Ball
1-1: Ball
2-1: Fielders Choice at 2nd, 6-4 (Groundball, 6M, EV 88.1 MPH)
Batting: RHB Norimoto Miyanishi 0-0: Ball
Passed Ball!
Danny de Leon to second
1-0: Ball
2-0: Foul Ball, location: 2F
2-1: Fly out, F8 (Flyball, 8RD, EV 96.9 MPH)
Batting: LHB Dario Segura 0-0: Ball
1-0: Swinging Strike
1-1: Foul Ball, location: 2F
1-2: Strikes out swinging
Top of the 3rd over - 0 runs, 0 hits, 0 errors, 1 left on base; Staten Island 0 - Vermont 1
BOTTOM OF THE 3RD
Vermont Lake Monsters batting - Pitching for Staten Island Yankees : LHP Dustin Shaw
Batting: SHB Eric Tiehen 0-0: Called Strike
0-1: Ball
1-1: Ball
2-1: Hit by Pitch
Batting: RHB Josh Mauer 0-0: Swinging Strike
0-1: Called Strike
0-2: Ball
1-2: Foul Ball, location: 2F
1-2: Ball
2-2: Ball
3-2: Base on Balls
Eric Tiehen to second
Batting: RHB Chris Temple 0-0: Called Strike
0-1: Ball
1-1: SINGLE (Line Drive, 8LS, EV 105.6 MPH)
Eric Tiehen to third
Josh Mauer to second
Batting: RHB Tetsuya Shinoda 0-0: Called Strike
0-1: Fly out, F9 (Flyball, 89XD, EV 88.8 MPH)
Runner from 3rd tags up, SCORES, no throw by RF
Josh Mauer to third
Batting: RHB Jamie Jennings 0-0: Swinging Strike
0-1: Ball
1-1: Called Strike
Pickoff Throw to First - Out! 1-3
1-2: Ball
2-2: SINGLE (Groundball, 56D, EV 102.5 MPH)
Josh Mauer scores
Batting: RHB Chris Prinzing 0-0: Ball
1-0: Called Strike
1-1: Swinging Strike
1-2: Ball
2-2: Strikes out looking
Bottom of the 3rd over - 2 runs, 2 hits, 0 errors, 1 left on base; Staten Island 0 - Vermont 3
TOP OF THE 4TH
Staten Island Yankees batting - Pitching for Vermont Lake Monsters : RHP Jesse Clark
Batting: RHB Pat Pemberton 0-0: Fly out, F8 (Flyball, 8RD, EV 95.0 MPH)
Batting: SHB Tadaaki Kondo 0-0: Ball
1-0: Ball
2-0: Foul Ball, location: 2F
2-1: Ball
3-1: Foul Ball, location: 2F
3-2: Fly out, F8 (Flyball, 8LD, EV 98.8 MPH)
Batting: LHB Mike Schermerhorn 0-0: Ball
1-0: Ground out 4-3 (Groundball, 4, EV 89.4 MPH)
Top of the 4th over - 0 runs, 0 hits, 0 errors, 0 left on base; Staten Island 0 - Vermont 3
BOTTOM OF THE 4TH
Vermont Lake Monsters batting - Pitching for Staten Island Yankees : LHP Dustin Shaw
Batting: RHB Jon Coleman 0-0: Ball
1-0: Ball
2-0: Called Strike
2-1: Fly out, F4 (Popup, 34S, EV 80.6 MPH)
Batting: SHB Mike Kirk 0-0: Called Strike
0-1: Swinging Strike
0-2: Ball
1-2: Strikes out looking
Batting: LHB Igor Ciobanu 0-0: Ball
1-0: Ball
2-0: Ball
3-0: Called Strike
3-1: Base on Balls
Batting: SHB Eric Tiehen 0-0: Ground out 4-3 (Groundball, 34, EV 85.6 MPH)
Bottom of the 4th over - 0 runs, 0 hits, 0 errors, 1 left on base; Staten Island 0 - Vermont 3
TOP OF THE 5TH
Staten Island Yankees batting - Pitching for Vermont Lake Monsters : RHP Jesse Clark
Batting: RHB Jesus Ruiz 0-0: Ball
1-0: Ball
2-0: Ball
3-0: Base on Balls
Batting: RHB Daniel Underhay 0-0: Hit by Pitch
Jesus Ruiz to second
Batting: RHB Danny Ayala 0-0: Called Strike
0-1: Foul Ball, location: 2F
0-2: Fly out, F4 (Line Drive, 34, EV 70.0 MPH)
Lined into DP, 4-6 (Line Drive, 34, EV 70.0 MPH)
Batting: LHB Danny de Leon 0-0: Fly out, F4 (Popup, 34, EV 60.6 MPH)
Top of the 5th over - 0 runs, 0 hits, 0 errors, 1 left on base; Staten Island 0 - Vermont 3
BOTTOM OF THE 5TH
Vermont Lake Monsters batting - Pitching for Staten Island Yankees : LHP Dustin Shaw
Batting: RHB Josh Mauer 0-0: Ball
1-0: Swinging Strike
1-1: Ball
2-1: Ball
3-1: DOUBLE (Line Drive, 89D, EV 104.4 MPH)
Batting: RHB Chris Temple 0-0: Ball
1-0: Called Strike
1-1: Swinging Strike
1-2: Ground out 3-1 (Groundball, 34S, EV 85.0 MPH)
Josh Mauer to third
Pitching: RHP Nick Peters
Batting: RHB Tetsuya Shinoda 0-0: Foul Ball, location: 2F
0-1: Called Strike
0-2: Ball
1-2: TRIPLE (Flyball, 3D, EV 87.5 MPH)
Josh Mauer scores
Batting: RHB Jamie Jennings 0-0: Ball
1-0: Called Strike
1-1: Foul Ball, location: 2F
1-2: Strikes out swinging
Batting: RHB Chris Prinzing 0-0: Ball
1-0: Ball
2-0: Ball
3-0: Base on Balls
Batting: RHB Jon Coleman 0-0: Ball
1-0: SINGLE (Groundball, 34D, EV 97.5 MPH)
Tetsuya Shinoda scores
Chris Prinzing to second
Runner from 2nd tries for 3rd, SAFE, throw by RF made to third
Batting: SHB Mike Kirk 0-0: Ball
1-0: SINGLE (Groundball, 34D, EV 98.1 MPH)
Chris Prinzing scores
Jon Coleman to second
Runner from 2nd tries for 3rd, SAFE, throw by RF made to third
Batting: LHB Igor Ciobanu 0-0: Ball
1-0: Ball
2-0: Called Strike
2-1: Ball
3-1: SINGLE (Groundball, 25, EV 65.0 MPH) (infield hit)
Jon Coleman scores
Mike Kirk to second
Pitching: LHP Colin Scott
Batting: SHB Eric Tiehen 0-0: DOUBLE (Line Drive, 89D, EV 93.1 MPH)
Mike Kirk scores
Igor Ciobanu to third
Runner from 3rd tries for Home, SAFE, throw by CF to trailing runner, SAFE at third!
Batting: RHB Josh Mauer 0-0: Ground out 6-3 (Groundball, 6M, EV 85.0 MPH)
Bottom of the 5th over - 6 runs, 6 hits, 0 errors, 1 left on base; Staten Island 0 - Vermont 9
TOP OF THE 6TH
Staten Island Yankees batting - Pitching for Vermont Lake Monsters : RHP Jesse Clark
Batting: RHB Norimoto Miyanishi 0-0: Ball
1-0: Foul Ball, location: 2F
1-1: Ball
2-1: Ball
3-1: Foul Ball, location: 2F
3-2: Strikes out swinging
Batting: LHB Dario Segura 0-0: Ball
1-0: Called Strike
1-1: Foul Ball, location: 2F
1-2: Foul Ball, location: 2F
1-2: Ball
2-2: Fly out, F9 (Line Drive, 89S, EV 96.2 MPH)
Batting: RHB Pat Pemberton 0-0: Ball
1-0: Ball
2-0: Swinging Strike
2-1: Swinging Strike
2-2: Fly out, F9 (Flyball, 9, EV 86.2 MPH)
Top of the 6th over - 0 runs, 0 hits, 0 errors, 0 left on base; Staten Island 0 - Vermont 9
BOTTOM OF THE 6TH
Vermont Lake Monsters batting - Pitching for Staten Island Yankees : LHP Colin Scott
Batting: RHB Chris Temple 0-0: Ground out U3 (Groundball, 34, EV 86.9 MPH)
Batting: RHB Tetsuya Shinoda 0-0: Foul Ball, location: 2F
0-1: Foul Ball, location: 2F
0-2: SINGLE (Flyball, 78S, EV 93.1 MPH)
Batting: RHB Jamie Jennings 0-0: Called Strike
0-1: Called Strike
0-2: Ball
1-2: SINGLE (Groundball, 56D, EV 108.8 MPH)
Tetsuya Shinoda to second
Batting: RHB Chris Prinzing 0-0: DOUBLE (Flyball, 7LD, EV 111.2 MPH)
Tetsuya Shinoda scores
Jamie Jennings to third
Batting: RHB Jon Coleman 0-0: Called Strike
0-1: Ball
1-1: Ball
2-1: Ball
3-1: Swinging Strike
3-2: Base on Balls
Batting: SHB Mike Kirk 0-0: Ball
1-0: Ball
2-0: Ball
Wild Pitch!
Jamie Jennings scores
Chris Prinzing to third
Jon Coleman to second
3-0: Swinging Strike
3-1: Foul Ball, location: 2F
3-2: Foul Ball, location: 2F
3-2: Strikes out swinging
Pitching: RHP Alex Blanco
Batting: LHB Igor Ciobanu 0-0: Ball
1-0: Called Strike
1-1: Foul Ball, location: 2F
1-2: Strikes out swinging
Bottom of the 6th over - 2 runs, 3 hits, 0 errors, 2 left on base; Staten Island 0 - Vermont 11
TOP OF THE 7TH
Staten Island Yankees batting - Pitching for Vermont Lake Monsters : RHP Jesse Clark
Batting: SHB Tadaaki Kondo 0-0: Called Strike
0-1: Called Strike
0-2: Ball
1-2: Ball
2-2: Ball
3-2: Ground out 4-3 (Groundball, 4M, EV 105.6 MPH)
Batting: LHB Mike Schermerhorn 0-0: Ball
1-0: Swinging Strike
1-1: Foul Ball, location: 2F
1-2: Strikes out swinging, 2-3 out at first.
Batting: RHB Jesus Ruiz 0-0: Called Strike
0-1: Foul Ball, location: 2F
0-2: Ball
1-2: Ball
2-2: Ball
3-2: Strikes out looking and he ARGUES THE CALL AND IS TOSSED!
Top of the 7th over - 0 runs, 0 hits, 0 errors, 0 left on base; Staten Island 0 - Vermont 11
BOTTOM OF THE 7TH
Vermont Lake Monsters batting - Pitching for Staten Island Yankees : RHP Alex Blanco
Now at SS: Adam Slade
Batting: SHB Eric Tiehen 0-0: Ball
1-0: Swinging Strike
1-1: Foul Ball, location: 2F
1-2: Foul Ball, location: 2F
1-2: Ground out 1-3 (Groundball, P, EV 71.9 MPH)
Batting: RHB Josh Mauer 0-0: Foul Ball, location: 2F
0-1: Ball
1-1: Swinging Strike
1-2: Foul Ball, location: 2F
1-2: Foul Ball, location: 2F
1-2: Hit by Pitch
Batting: RHB Chris Temple 0-0: Fly out, F8 (Flyball, 8RD, EV 105.6 MPH)
Batting: RHB Tetsuya Shinoda 0-0: Ball
1-0: Called Strike
1-1: Swinging Strike
1-2: Ball
2-2: Strikes out swinging
Bottom of the 7th over - 0 runs, 0 hits, 0 errors, 1 left on base; Staten Island 0 - Vermont 11
TOP OF THE 8TH
Staten Island Yankees batting - Pitching for Vermont Lake Monsters : RHP Jesse Clark
Batting: RHB Daniel Underhay 0-0: Called Strike
0-1: Foul Ball, location: 2F
0-2: Ball
1-2: Foul Ball, location: 2F
1-2: Strikes out swinging
Batting: RHB Danny Ayala 0-0: DOUBLE (Line Drive, 78D, EV 100.6 MPH)
Batting: LHB Danny de Leon 0-0: Ground out U3 (Groundball, 34, EV 80.6 MPH)
Danny Ayala to third
Batting: RHB Norimoto Miyanishi 0-0: Fly out, F9 (Flyball, 9S, EV 85.6 MPH)
Top of the 8th over - 0 runs, 1 hit, 0 errors, 1 left on base; Staten Island 0 - Vermont 11
BOTTOM OF THE 8TH
Vermont Lake Monsters batting - Pitching for Staten Island Yankees : RHP Alex Blanco
Batting: RHB Jamie Jennings 0-0: Called Strike
0-1: Foul Ball, location: 2F
0-2: Foul Ball, location: 2F
0-2: Fly out, F8 (Flyball, 89D, EV 91.2 MPH)
Batting: RHB Chris Prinzing 0-0: Ball
1-0: Foul Ball, location: 2F
1-1: DOUBLE (Line Drive, 9LD, EV 105.0 MPH)
Batting: RHB Jon Coleman 0-0: Ball
Wild Pitch!
Chris Prinzing to third
1-0: Ball
2-0: Called Strike
2-1: Ball
3-1: Base on Balls
Batting: SHB Mike Kirk 0-0: Ball
1-0: Fielders Choice at 2nd, 3-6 (Groundball, 34S, EV 93.1 MPH)
Chris Prinzing scores
Batting: LHB Igor Ciobanu 0-0: Ball
1-0: Foul Ball, location: 2F
1-1: Swinging Strike
1-2: Foul Ball, location: 2F
1-2: Foul Ball, location: 2F
1-2: Foul Ball, location: 2F
1-2: Ball
2-2: Ball
Wild Pitch!
Mike Kirk to second
3-2: Foul Ball, location: 2F
3-2: Foul Ball, location: 2F
3-2: Base on Balls
Pitching: RHP Edite Leoni
Batting: SHB Eric Tiehen Balk!
Mike Kirk to third
Igor Ciobanu to second
0-0: Called Strike
0-1: Ground out 4-3 (Groundball, 4, EV 82.5 MPH)
Bottom of the 8th over - 1 run, 1 hit, 0 errors, 2 left on base; Staten Island 0 - Vermont 12
TOP OF THE 9TH
Staten Island Yankees batting - Pitching for Vermont Lake Monsters : RHP Jesse Clark
Pitching: RHP Isaiah Felton
Batting: LHB Dario Segura 0-0: Called Strike
0-1: Ground out U3 (Groundball, 3, EV 93.8 MPH)
Batting: RHB Pat Pemberton 0-0: Called Strike
0-1: Swinging Strike
0-2: Ball
1-2: Strikes out swinging
Pitching: RHP Pedro Taveras
Batting: SHB Tadaaki Kondo 0-0: Ball
1-0: Foul Ball, location: 2F
1-1: Ball
2-1: SINGLE (Groundball, 4MD, EV 97.5 MPH)
Batting: LHB Mike Schermerhorn 0-0: Ball
Wild Pitch!
Tadaaki Kondo to second
1-0: Called Strike
1-1: Swinging Strike
1-2: Ball
2-2: Strikes out looking
Top of the 9th over - 0 runs, 1 hit, 0 errors, 1 left on base; Staten Island 0 - Vermont 12
Tuesday, March 28th , 2023 - OOTP Baseball 23.10 Build 110